 Dungeon Crawl Stone Soup version 0.15-a0-1004-gbf4e2e6 (console) character file.

427 Kellhus the Ruinous (level 6, 27/45 HPs)
             Began as a Demigod Wizard on May 25, 2014.
             Quit the game on Level 4 of the Dungeon.
             The game lasted 00:08:23 (4125 turns).

Kellhus the Ruinous (Demigod Wizard)                Turns: 4125, Time: 00:08:23

HP  27/45        AC  5     Str 11      XL: 6   Next: 37%
MP  15/15        EV 11     Int 28      God:
Gold 122         SH  0     Dex 15      Spells:  3 memorised,  3 levels left

rFire  . . .     SeeInvis .     a - +0,+2 dagger (venom)
rCold  + . .     Clarity  .     v - +1 leather armour {rC+}
rNeg   . . .     Conserve .     (no shield)
rPois  .         rCorr    .     b - +0 hat
rElec  .         rRot     .     (no cloak)
SustAb .         Spirit   .     t - +0 pair of gloves
rMut   .         Warding  .     (no boots)
Gourm  .         Stasis   .     (no amulet)
MR     .....                    (no ring)
                                n - +3 ring of intelligence

@: not resistant to hostile enchantments, unstealthy
A: no striking features
a: no special abilities


You were on level 4 of the Dungeon.
You were not hungry.

You visited 1 branch of the dungeon, and saw 4 of its levels.

You collected 122 gold pieces.

Inventory:

Hand weapons
 a - a +0,+2 dagger of venom (weapon)
 o - a +1,+4 short sword
 r - a +1,+1 flail of holy wrath
Armour
 b - a +0 hat (worn)
 g - a +0 pair of gloves
 q - a +0 robe
 t - a +0 pair of gloves (worn)
 v - a +1 leather armour of cold resistance (worn)
Magical devices
 p - a wand of flame (5)
 u - a wand of frost (8)
 x - a wand of enslavement (12) {unknown}
 y - a wand of slowing (7) {unknown}
Comestibles
 w - 2 chunks of worker ant flesh
 A - 2 rotting chunks of orc flesh
Scrolls
 e - 2 scrolls of enchant weapon II {unknown}
 f - 4 scrolls of identify {unknown}
 i - 2 scrolls of fog {unknown}
 j - a scroll of remove curse {unknown}
 l - 2 scrolls of teleportation {unknown}
Jewellery
 n - a +3 ring of intelligence (left hand)
Potions
 d - a potion of curing {unknown}
 h - a potion of heal wounds {unknown}
 k - a potion of brilliance {unknown}
 m - a potion of poison {unknown}
 s - a potion of confusion {unknown}
Books
 c - a book of Minor Magic

   Spells                             Type                      Level
   *Magic Dart                        Conjuration                  1
   Blink                              Translocation                2
   Call Imp                           Summoning                    2
   Repel Missiles                     Charms/Air                   2
   Slow                               Hexes                        2
   *Conjure Flame                     Conjuration/Fire             3
   *Mephitic Cloud                    Conjuration/Poison/Air       3


   Skills:
 - Level 1.7 Dodging
 - Level 1.7 Stealth
 - Level 2.6 Spellcasting
 + Level 6.3 Conjurations
   Level 0.8 Summonings
   Level 0.8 Translocations


You had 3 spell levels left.
You knew the following spells:

 Your Spells              Type           Power        Failure   Level  Hunger
a - Magic Dart            Conj           ####         1%          1    None
b - Conjure Flame         Conj/Fire      ###.....     10%         3    ###....
c - Mephitic Cloud        Conj/Pois/Air  ###.....     12%         3    ###....


Dungeon Overview and Level Annotations

Branches:
Dungeon (4/15)
 Temple: D:4-7

Annotations:
D:4 Blork the orc, Pikel


Message History

You climb downwards.
You hear the hiss of flowing sand.
There is an entrance to an ossuary on this level.
Hurry and find it before the portal is buried!
You hear the erratic hiss of an avalanche of sand, a long way away.
Level annotation: Blork the orc, Pikel
There is a stone staircase leading up here.
Unknown command.
The hiss of flowing sand is almost imperceptible now.
Found 23 stones.
The walls and floor vibrate strangely for a moment.
The slave shouts!
The slave shouts!
The slave barely misses you. The slave barely misses you.
The slave hits you but does no damage.
Pikel zaps a wand.
The puff of flame hits you!
Pikel says, "You'll fetch a fair price!"
Pikel waves his whip at you. The slave closely misses you.
Are you sure you want to abandon this character and quit the game? (Confirm with "yes".)

. . ####.#### #...p...#
#.##.##.######
####...K........#
#....##p#..#.##.#
#.##.##p#..#.##.##
#.##.##p#..#.....##
####.##.......####p..##
#....#####@#.####.....#
#....# #...........K.##
###...####.....######.##
#..............# #.#
#.##.##.#......# ####p###
#.##.##.#......# #......#
#.##....#.########....#.#
#.##.#..#......##.....#.#
#.......#.####.##.....#.#


You could see Pikel and 4 slaves.

Vanquished Creatures
  2 ogres (D:4)
  An orc priest (D:3)
  A worker ant (D:3)
  2 orc wizards (D:4)
  6 adders
  2 oozes
  17 orcs
  11 bats
  7 goblins
  6 hobgoblins
  2 jackals (D:2)
  9 kobolds
  A quokka (D:3)
  A ball python (D:1)
  5 giant cockroaches
  2 giant geckos
  4 giant newts
  7 rats
86 creatures vanquished.

Notes
Turn   | Place    | Note
--------------------------------------------------------------
     0 | D:1      | Kellhus, the Demigod Wizard, began the quest for the Orb.
     0 | D:1      | Reached XP level 1. HP: 14/14 MP: 4/4
    55 | D:1      | Reached skill level 1 in Conjurations
   540 | D:1      | Reached XP level 2. HP: 17/20 MP: 0/6
  1607 | D:2      | Found a shadowy altar of Dithmenos.
  1787 | D:2      | Reached XP level 3. HP: 26/26 MP: 5/8
  2018 | D:2      | Reached skill level 3 in Conjurations
  2607 | D:3      | Reached XP level 4. HP: 33/33 MP: 8/11
  2728 | D:3      | Reached skill level 4 in Conjurations
  3367 | D:4      | Noticed an ogre
  3417 | D:3      | Learned a level 3 spell: Conjure Flame
  3421 | D:3      | Learned a level 3 spell: Mephitic Cloud
  3505 | D:4      | Killed an ogre
  3505 | D:4      | Reached skill level 5 in Conjurations
  3505 | D:4      | Reached XP level 5. HP: 27/38 MP: 1/12
  3606 | D:4      | Found a snail-covered altar of Cheibriados.
  3676 | D:4      | Noticed an ogre
  3722 | D:4      | Killed an ogre
  3722 | D:4      | Reached XP level 6. HP: 45/45 MP: 7/15
  3792 | D:4      | Reached skill level 6 in Conjurations
  3857 | D:4      | Noticed a slave
  3904 | D:4      | Noticed a slave
  3904 | D:4      | Noticed a slave
  3905 | D:4      | Noticed Pikel
  3910 | D:4      | Noticed a slave
  3988 | D:4      | Noticed Blork the orc
  4125 | D:4      | Quit the game

Action                   |  1- 3 |  4- 6 || total
-------------------------+-------+-------++-------
Melee: Unarmed           |    18 |       ||    18
       Dagger            |       |    26 ||    26
 Cast: Magic Dart        |    91 |    95 ||   186
       Conjure Flame     |       |     3 ||     3
Evoke: Wand              |       |     4 ||     4
